Map: Catalyst LE

Players

Stephano - Winner!

  • Race: Zerg Zerg
  • Spawn Location: 11:00

Zanster

  • Race: Zerg Zerg
  • Spawn Location: 5:00

Event: WCS Leipzig 2018

VOD

Have the link to the VOD?

Description

Time

  • Played on: Jan. 26, 2018, 10:14 a.m.
  • Length: 9:55

All games in this series

Show
View Real Time Build Order
Export as new Build Order

Stephano Zerg - Winner!

Build Orders: Hatch First, Zergling Baneling 

Get SALT Encoding   

  12  0:00  Drone  
  13  0:12  Overlord  
  13  0:18  Drone  
  14  0:31  Drone x2  
  14  0:35  Drone  
  17  0:52  Hatchery  
  17  0:54  Drone  
  17  0:58  Drone  
  18  1:10  Extractor  
  17  1:13  Spawning Pool  
  17  1:16  Drone  
  17  1:19  Drone  
  18  1:28  Drone  
  19  1:42  Overlord  
  19  1:51  Drone  
  20  2:01  Queen  
  22  2:02  Drone  
  22  2:03  Queen  
  22  2:04  Drone  
  26  2:09  Metabolic Boost  
  26  2:12  Drone  
  26  2:14  Drone  
  28  2:25  Drone x2  
  30  2:35  Baneling Nest  
  30  2:36  Zergling x2  
  30  2:37  Zergling x2  
  31  2:39  Queen  
  33  2:46  Overlord  
  33  2:50  Drone  
  34  2:54  Drone  
  35  2:58  Drone  
  36  3:06  Hatchery  
  36  3:09  Drone x2  
  36  3:12  Zergling x4  
  39  3:15  Zergling x2  
  39  3:19  Baneling x2  
  40  3:22  Overlord  
  40  3:24  Drone  
  40  3:27  Zergling x4  
  42  3:30  Drone  
  44  3:36  Overlord  
  44  3:47  Drone  
  44  3:48  Drone  
  46  3:49  Drone x2  
  47  3:56  Zergling x8  
  47  4:00  Baneling  
  47  4:02  Drone x2  
  52  4:03  Extractor  
  52  4:06  Roach Warren, Evolution Chamber  
  48  4:17  Overlord  
  48  4:24  Zergling x8  
  48  4:25  Baneling x2  
  50  4:33  Drone x3  
  50  4:34  Drone, Overlord  
  50  4:35  Zerg Missile Weapons Level 1  
  50  4:38  Extractor  
  51  4:47  Drone  
  51  4:48  Zergling x10  
  55  4:53  Drone  
  55  4:54  Baneling x3  
  55  4:55  Drone  
  55  4:59  Drone  
  58  5:10  Drone x2  
  58  5:11  Overlord  
  58  5:12  Drone  
  58  5:13  Overlord  
  60  5:17  Lair  
  60  5:24  Zergling x2  
  60  5:25  Zergling x14  
  67  5:34  Overlord  
  67  5:35  Roach x6  
  76  5:42  Roach x2  
  78  5:45  Roach  
  78  5:48  Roach  
  82  5:51  Roach  
  82  5:53  Drone x2  
  82  5:54  Roach  
  82  5:55  Extractor  
  87  6:02  Drone  
  88  6:05  Roach x2  
  88  6:07  Drone x3  
  88  6:10  Overlord x2  
  88  6:11  Extractor  
  94  6:15  Glial Reconstitution  
  94  6:16  Drone  
  94  6:17  Drone  
  94  6:18  Drone  
  97  6:23  Roach x2  
  101  6:26  Roach x2  
  101  6:28  Drone  
  106  6:36  Overlord  
  106  6:37  Drone x4  
  110  6:43  Zerg Missile Weapons Level 2  
  110  6:46  Roach  
  110  6:47  Roach  
  107  7:01  Roach x2  
  107  7:02  Roach x5  
  107  7:08  Roach x4  
  116  7:12  Roach x2  
  119  7:15  Roach  
  119  7:16  Roach  
  119  7:18  Roach  
  119  7:20  Roach  
  113  7:24  Roach x2  
  119  7:30  Roach x3  
  119  7:37  Roach x4  
  119  7:41  Roach x2  
  130  7:47  Roach x2  
  130  7:51  Overlord  
  118  8:01  Roach  
  118  8:02  Roach x7  
  118  8:04  Overlord  
  124  8:08  Roach  
  124  8:11  Roach  
  128  8:15  Roach  
  128  8:16  Roach x2  
  128  8:19  Roach x2  
  138  8:25  Roach  
  138  8:26  Roach  
  138  8:37  Roach x7  
  134  8:43  Roach x3  
  134  8:47  Roach x2  
  130  8:51  Roach x2  
  120  8:57  Roach x3  
  120  9:02  Roach x3  
  114  9:04  Roach  
  114  9:06  Roach  
  114  9:08  Roach  
  120  9:11  Extractor, Roach  
  120  9:13  Roach  
  125  9:17  Roach  
  125  9:18  Overseer  
  125  9:19  Overseer  
  125  9:23  Roach x3  
  131  9:24  Roach  
  131  9:29  Overseer  
  133  9:33  Roach x4  
Show
View Real Time Build Order
Export as new Build Order

Zanster Zerg 

Build Orders: Hatch First 

Get SALT Encoding   

  12  0:00  Drone  
  13  0:12  Overlord  
  13  0:17  Drone  
  14  0:31  Drone x2  
  14  0:34  Drone  
  17  0:52  Hatchery  
  17  0:55  Drone  
  17  0:58  Drone  
  18  1:08  Extractor  
  17  1:13  Spawning Pool  
  17  1:16  Drone  
  17  1:20  Drone  
  18  1:28  Drone  
  19  1:39  Drone  
  20  1:50  Overlord  
  20  2:00  Queen  
  22  2:04  Queen  
  22  2:05  Zergling x4  
  26  2:09  Metabolic Boost  
  26  2:11  Drone  
  26  2:15  Drone  
  28  2:22  Drone  
  29  2:25  Drone  
  30  2:32  Baneling Nest  
  30  2:33  Drone  
  30  2:38  Drone  
  30  2:44  Drone  
  32  2:47  Drone  
  33  2:56  Overlord  
  33  2:58  Drone  
  34  3:05  Zergling x2  
  35  3:09  Zergling x2  
  35  3:11  Hatchery  
  35  3:13  Drone  
  35  3:14  Drone x4  
  35  3:15  Drone  
  35  3:18  Drone  
  42  3:24  Overlord  
  42  3:28  Baneling  
  42  3:30  Drone  
  43  3:35  Drone  
  44  3:46  Drone x4  
  48  3:50  Overlord  
  48  3:51  Evolution Chamber  
  46  3:57  Drone  
  46  3:58  Baneling  
  46  3:59  Drone  
  46  4:02  Extractor  
  47  4:03  Extractor  
  47  4:05  Drone, Roach Warren  
  47  4:07  Queen  
  48  4:11  Zergling x2  
  48  4:15  Zergling x6  
  51  4:17  Overlord  
  51  4:23  Zergling x8, Queen  
  53  4:27  Zergling x4  
  55  4:32  Zerg Missile Weapons Level 1  
  55  4:37  Zergling x6  
  57  4:38  Baneling  
  53  4:47  Zergling x6  
  52  4:55  Lair  
  52  4:56  Overlord, Queen  
  52  4:59  Drone x2  
  56  5:07  Zergling x2  
  55  5:11  Baneling  
  55  5:12  Baneling  
  52  5:17  Roach x3  
  60  5:21  Roach x2  
  60  5:27  Baneling  
  60  5:31  Roach x4  
  60  5:33  Roach  
  69  5:40  Roach  
  71  5:47  Roach  
  73  5:50  Roach  
  73  5:53  Glial Reconstitution  
  73  5:56  Hatchery  
  72  6:04  Roach  
  72  6:05  Overlord  
  72  6:06  Overlord  
  72  6:08  Overlord  
  72  6:11  Overlord  
  74  6:12  Overseer  
  74  6:24  Roach x5  
  84  6:26  Zerg Missile Weapons Level 2  
  84  6:35  Roach x2  
  88  6:40  Roach x2  
  88  6:41  Roach  
  94  6:47  Roach x2  
  94  6:51  Roach  
  94  6:53  Overlord  
  97  7:02  Roach x2  
  97  7:03  Roach  
  98  7:10  Roach x3  
  103  7:18  Drone  
  103  7:19  Drone x5  
  103  7:20  Drone  
  108  7:26  Drone  
  109  7:36  Burrow, Drone  
  102  7:37  Drone x2  
  102  7:40  Ravager x2  
  102  7:46  Roach x2  
  102  7:48  Overlord  
  95  7:51  Drone x4  
  95  7:52  Drone  
  95  7:55  Roach  
  88  7:59  Roach  
  88  8:00  Roach  
  79  8:07  Roach  
  79  8:08  Roach x2  
  85  8:13  Roach x3  
  85  8:18  Roach  
  85  8:19  Roach  
  95  8:22  Roach  
  95  8:26  Roach  
  101  8:34  Roach x3  
  99  8:47  Roach  
  99  8:48  Roach x3  
  103  8:51  Hatchery  
  99  8:55  Hatchery  
  99  8:56  Roach x3  
  104  9:03  Roach x15  
  104  9:05  Roach x3  
  110  9:12  Roach x3  
  110  9:14  Hatchery  
  109  9:17  Roach x2  
  113  9:25  Roach, Overlord  
  113  9:28  Overlord  
  115  9:34  Extractor, Infestation Pit  
Tags
 
Add a new tag
Caveats
  • Supply blocks, unpowered buildings, or Contaminate may cause inaccurate times.
  • Supply counts are checked every 10 seconds.